IL
SACRAMENTO RIVER CATS @ RENO ACES
08/17/2045
 
TOP OF THE 1ST
Sacramento River Cats batting - Pitching for Reno Aces : RHP Roberto Preciado
Pitching: RHP Roberto Preciado
Batting: LHB Cesar Arteaga 0-0: Foul Ball, location: 2F
0-1: Ball
1-1: Foul Ball, location: 2F
1-2: Foul Ball, location: 2F
1-2: Foul Ball, location: 2F
1-2: Ball
2-2: Ground out 4-3 (Groundball, 4, EV 104.4 MPH)
Batting: RHB Yutaka Oki 0-0: Ball
1-0: Called Strike
1-1: Fly out, F9 (Line Drive, 9, EV 88.8 MPH)
Batting: LHB Carey Horncole 0-0: Ball
1-0: Fly out, F9 (Line Drive, 9S, EV 90.0 MPH)
Top of the 1st over - 0 runs, 0 hits, 0 errors, 0 left on base; Sacramento 0 - Reno 0
BOTTOM OF THE 1ST
Reno Aces batting - Pitching for Sacramento River Cats : RHP Roberto Duron
Pitching: RHP Roberto Duron
Batting: RHB Joe Smack 0-0: Ball
1-0: Ball
2-0: Foul Ball, location: 2F
2-1: Ball
3-1: Foul Ball, location: 2F
3-2: Base on Balls
Batting: LHB Steve Reinhart 0-0: Called Strike
Joe Smack steals 2nd base
0-1: Called Strike
0-2: Foul Ball, location: 2F
0-2: Foul Ball, location: 2F
0-2: Ball
1-2: Ball
2-2: Fly out, F5 (Line Drive, 5, EV 71.2 MPH)
Batting: RHB Andy Swaim 0-0: Called Strike
0-1: Foul Ball, location: 2F
0-2: Ball
1-2: Ball
2-2: Fly out, F9 (Flyball, 89M, EV 89.4 MPH)
Batting: SHB Salvador Aragon 0-0: Ball
1-0: Swinging Strike
1-1: Ball
2-1: Foul Ball, location: 2F
2-2: Fly out, F7 (Line Drive, 7, EV 97.5 MPH)
Bottom of the 1st over - 0 runs, 0 hits, 0 errors, 1 left on base; Sacramento 0 - Reno 0
TOP OF THE 2ND
Sacramento River Cats batting - Pitching for Reno Aces : RHP Roberto Preciado
Batting: LHB Tom Best 0-0: Ball
1-0: Ball
2-0: Ball
3-0: Base on Balls
Batting: LHB Kevin Kantor 0-0: Ball
1-0: Fielders Choice at 2nd, 6-4 (Groundball, 6, EV 96.9 MPH)
Batting: LHB Terry Ebersole 0-0: Ball
Kevin Kantor steals 2nd base
1-0: Ball
2-0: Ground out 3-1 (Groundball, 13, EV 92.5 MPH)
Kevin Kantor to third
Batting: RHB Tyler Mapes 0-0: Called Strike
0-1: Foul Ball, location: 2F
0-2: Ball
1-2: Strikes out swinging
Top of the 2nd over - 0 runs, 0 hits, 0 errors, 1 left on base; Sacramento 0 - Reno 0
BOTTOM OF THE 2ND
Reno Aces batting - Pitching for Sacramento River Cats : RHP Roberto Duron
Batting: LHB Jeff Densmore 0-0: Ball
1-0: Ball
2-0: Ball
3-0: Swinging Strike
3-1: Foul Ball, location: 2F
3-2: Strikes out swinging
Batting: RHB Mario Soto 0-0: Called Strike
0-1: Foul Ball, location: 2F
0-2: Strikes out looking
Batting: RHB Scott Travis 0-0: Ball
1-0: Called Strike
1-1: Called Strike
1-2: Strikes out swinging
Bottom of the 2nd over - 0 runs, 0 hits, 0 errors, 0 left on base; Sacramento 0 - Reno 0
TOP OF THE 3RD
Sacramento River Cats batting - Pitching for Reno Aces : RHP Roberto Preciado
Batting: RHB Martin Guerrero 0-0: Foul Ball, location: 2F
0-1: Foul Ball, location: 2F
0-2: Ground out 5-3 (Groundball, 56, EV 102.5 MPH)
Batting: RHB Hugo Zacarias 0-0: Swinging Strike
0-1: Ball
1-1: Ball
2-1: DOUBLE (Line Drive, 7LM, EV 106.9 MPH)
Batting: LHB Cesar Arteaga 0-0: Ball
1-0: Ball
2-0: Ball
3-0: Called Strike
3-1: Called Strike
3-2: Foul Ball, location: 2F
3-2: Base on Balls
Batting: RHB Yutaka Oki 0-0: Called Strike
Hugo Zacarias steals 3rd, throwing error, E2
Hugo Zacarias scores
Cesar Arteaga to third
0-1: Swinging Strike
0-2: Foul Ball, location: 2F
0-2: Ball
1-2: Ball
2-2: Ball
3-2: Base on Balls
Batting: LHB Carey Horncole 0-0: Foul Ball, location: 2F
0-1: Ball
1-1: Ball
Yutaka Oki steals 2nd base (no throw)
2-1: Foul Ball, location: 2F
2-2: Strikes out swinging
Batting: LHB Tom Best 0-0: Ball
1-0: Ball
2-0: Called Strike
2-1: Ground out 5-3 (Groundball, 6S, EV 86.2 MPH)
Top of the 3rd over - 1 run, 1 hit, 1 error, 2 left on base; Sacramento 1 - Reno 0
BOTTOM OF THE 3RD
Reno Aces batting - Pitching for Sacramento River Cats : RHP Roberto Duron
Batting: RHB Alex Vasquez 0-0: Fly out, F9 (Flyball, 89S, EV 91.9 MPH)
Batting: RHB Tai Joo 0-0: Ball
1-0: Ball
2-0: Ball
3-0: Base on Balls
Batting: RHB Joe Smack 0-0: Grounds into double play, 6-4-3 (Groundball, 6, EV 88.8 MPH)
Bottom of the 3rd over - 0 runs, 0 hits, 0 errors, 0 left on base; Sacramento 1 - Reno 0
TOP OF THE 4TH
Sacramento River Cats batting - Pitching for Reno Aces : RHP Roberto Preciado
Batting: LHB Kevin Kantor 0-0: Foul Ball, location: 2F
0-1: Ground out 4-3 (Groundball, 4, EV 99.4 MPH)
Batting: LHB Terry Ebersole 0-0: Ball
1-0: Fly out, F4 (Flyball, 34D, EV 85.6 MPH)
Batting: RHB Tyler Mapes 0-0: Called Strike
0-1: Ball
1-1: Ball
2-1: Fly out, F7 (Flyball, 7S, EV 73.8 MPH)
Top of the 4th over - 0 runs, 0 hits, 0 errors, 0 left on base; Sacramento 1 - Reno 0
BOTTOM OF THE 4TH
Reno Aces batting - Pitching for Sacramento River Cats : RHP Roberto Duron
Batting: LHB Steve Reinhart 0-0: Foul Ball, location: 2F
0-1: Foul Ball, location: 2F
0-2: Ball
1-2: Fly out, F8 (Flyball, 8LS, EV 96.2 MPH)
Batting: RHB Andy Swaim 0-0: Foul Ball, location: 2F
0-1: SOLO HOME RUN (Flyball, 9LD, EV 95.6 MPH), Distance : 367 ft
Batting: SHB Salvador Aragon 0-0: Called Strike
0-1: Called Strike
0-2: Strikes out looking
Batting: LHB Jeff Densmore 0-0: Called Strike
0-1: Foul Ball, location: 2F
0-2: Ball
1-2: Foul Ball, location: 2F
1-2: Ball
2-2: Ball
3-2: Base on Balls
Batting: RHB Mario Soto 0-0: Ball
1-0: Ball
Jeff Densmore steals 2nd base
2-0: Ball
3-0: Swinging Strike
3-1: Foul Ball, location: 2F
3-2: Strikes out swinging
Bottom of the 4th over - 1 run, 1 hit, 0 errors, 1 left on base; Sacramento 1 - Reno 1
TOP OF THE 5TH
Sacramento River Cats batting - Pitching for Reno Aces : RHP Roberto Preciado
Batting: RHB Martin Guerrero 0-0: Ball
1-0: Called Strike
1-1: Ball
2-1: Called Strike
2-2: Ball
3-2: SINGLE (Groundball, 56D, EV 101.9 MPH)
Batting: RHB Hugo Zacarias 0-0: Ball
1-0: Ball
2-0: Foul Ball, location: 2F
2-1: Foul Ball, location: 2F
2-2: Foul Ball, location: 2F
2-2: Fly out, F3 (Popup, 3S, EV 80.0 MPH)
Batting: LHB Cesar Arteaga 0-0: Called Strike
0-1: Fly out, F8 (Flyball, 8LD, EV 93.1 MPH)
Batting: RHB Yutaka Oki 0-0: Called Strike
0-1: Ball
Martin Guerrero steals 2nd, throwing error, E2
Martin Guerrero to third
1-1: Ground out 6-3 (Groundball, 56D, EV 83.1 MPH)
Top of the 5th over - 0 runs, 1 hit, 1 error, 1 left on base; Sacramento 1 - Reno 1
BOTTOM OF THE 5TH
Reno Aces batting - Pitching for Sacramento River Cats : RHP Roberto Duron
Batting: RHB Scott Travis 0-0: Called Strike
0-1: Ball
1-1: Ground out 6-3 (Groundball, 6, EV 90.6 MPH)
Batting: RHB Alex Vasquez 0-0: Called Strike
0-1: Ball
1-1: Ground out 1-3 (Groundball, 34S, EV 66.2 MPH)
Batting: RHB Tai Joo 0-0: Fly out, F9 (Flyball, 9LS, EV 89.4 MPH)
Bottom of the 5th over - 0 runs, 0 hits, 0 errors, 0 left on base; Sacramento 1 - Reno 1
TOP OF THE 6TH
Sacramento River Cats batting - Pitching for Reno Aces : RHP Roberto Preciado
Batting: LHB Carey Horncole 0-0: Ball
1-0: Ball
2-0: Ball
3-0: Base on Balls
Batting: LHB Tom Best 0-0: Grounds into double play, 4-6-3 (Groundball, 4, EV 97.5 MPH)
Batting: LHB Kevin Kantor 0-0: Ball
1-0: Called Strike
1-1: Ball
2-1: Ball
3-1: Fly out, F8 (Flyball, 8LS, EV 96.2 MPH)
Top of the 6th over - 0 runs, 0 hits, 0 errors, 0 left on base; Sacramento 1 - Reno 1
BOTTOM OF THE 6TH
Reno Aces batting - Pitching for Sacramento River Cats : RHP Roberto Duron
Batting: RHB Joe Smack 0-0: Ball
1-0: Called Strike
1-1: Called Strike
1-2: Ground out 4-3 (Groundball, 4, EV 77.5 MPH)
Batting: LHB Steve Reinhart 0-0: Called Strike
0-1: Ball
1-1: Foul Ball, location: 2F
1-2: Strikes out swinging
Batting: RHB Andy Swaim 0-0: Foul Ball, location: 2F
0-1: Fly out, F9 (Flyball, 89S, EV 95.0 MPH)
Bottom of the 6th over - 0 runs, 0 hits, 0 errors, 0 left on base; Sacramento 1 - Reno 1
TOP OF THE 7TH
Sacramento River Cats batting - Pitching for Reno Aces : RHP Roberto Preciado
Batting: LHB Terry Ebersole 0-0: Ball
1-0: Ball
2-0: Foul Ball, location: 2F
2-1: Ball
3-1: SINGLE (Line Drive, 78M, EV 109.4 MPH)
Batting: RHB Tyler Mapes 0-0: Ball
1-0: Swinging Strike
1-1: SINGLE (Flyball, 8RS, EV 87.5 MPH)
Terry Ebersole to second
Batting: RHB Martin Guerrero 0-0: Foul Ball, location: 2F
0-1: Foul Ball, location: 2F
0-2: Ball
1-2: Ball
2-2: Foul Ball, location: 2F
2-2: Fielders Choice at 2nd, 5-4 (Groundball, 56, EV 78.8 MPH)
Terry Ebersole to third
Pitching: RHP Stanford Placard
Batting: LHB David Ramirez 0-0: Ground out U3 (Groundball, 34S, EV 80.0 MPH)
Martin Guerrero to second
Batting: LHB Cesar Arteaga 0-0: Called Strike
0-1: Ball
1-1: Ball
2-1: Ball
3-1: Foul Ball, location: 2F
3-2: Base on Balls
Batting: RHB Yutaka Oki 0-0: Ball
1-0: Ball
2-0: Called Strike
2-1: Ground out 4-3 (Groundball, 4, EV 83.8 MPH)
Top of the 7th over - 0 runs, 2 hits, 0 errors, 3 left on base; Sacramento 1 - Reno 1
BOTTOM OF THE 7TH
Reno Aces batting - Pitching for Sacramento River Cats : RHP Roberto Duron
Batting: SHB Salvador Aragon 0-0: Foul Ball, location: 2F
0-1: Ball
1-1: Ball
2-1: Ball
3-1: Base on Balls
Batting: LHB Jeff Densmore 0-0: Ball
1-0: Ball
2-0: Foul Ball, location: 2F
2-1: Called Strike
2-2: Ground out 4-3 (Groundball, 4, EV 83.8 MPH)
Salvador Aragon to second
Batting: RHB Mario Soto 0-0: Ground out 1-3 (Groundball, 13, EV 70.0 MPH)
Salvador Aragon to third
Batting: RHB Scott Travis 0-0: Called Strike
0-1: Ground out 3-1 (Groundball, 34, EV 88.1 MPH)
Bottom of the 7th over - 0 runs, 0 hits, 0 errors, 1 left on base; Sacramento 1 - Reno 1
TOP OF THE 8TH
Sacramento River Cats batting - Pitching for Reno Aces : RHP Stanford Placard
Pitching: RHP Gerardo Camacho
Batting: LHB Carey Horncole 0-0: Ball
1-0: Called Strike
1-1: DOUBLE (Flyball, 78D, EV 112.5 MPH)
Batting: LHB Tom Best 0-0: Intentional Walk
Batting: LHB Kevin Kantor 0-0: Called Strike
0-1: Grounds into double play, 6-4-3 (Groundball, 6, EV 87.5 MPH)
Carey Horncole to third
Batting: LHB Terry Ebersole 0-0: Ball
1-0: Ball
2-0: Ball
3-0: Swinging Strike
3-1: Called Strike
3-2: Ground out 6-3 (Groundball, 6M, EV 102.5 MPH)
Top of the 8th over - 0 runs, 1 hit, 0 errors, 1 left on base; Sacramento 1 - Reno 1
BOTTOM OF THE 8TH
Reno Aces batting - Pitching for Sacramento River Cats : RHP Roberto Duron
Batting: RHB Alex Vasquez 0-0: Called Strike
0-1: Foul Ball, location: 2F
0-2: Strikes out swinging
Pitching: LHP Adam Ody
Batting: RHB Tai Joo 0-0: Ball
1-0: Ball
2-0: Called Strike
2-1: SINGLE (Line Drive, 89S, EV 108.1 MPH)
Batting: RHB Joe Smack 0-0: Ball
1-0: Bunted foul
1-1: Bunted foul
1-2: Fly out, F9 (Flyball, 89S, EV 80.0 MPH)
Pinch Hitting: SHB Troy Maynard 0-0: Foul Ball, location: 2F
0-1: Swinging Strike
0-2: Ball
1-2: Strikes out swinging
Bottom of the 8th over - 0 runs, 1 hit, 0 errors, 1 left on base; Sacramento 1 - Reno 1
TOP OF THE 9TH
Sacramento River Cats batting - Pitching for Reno Aces : RHP Gerardo Camacho
Now at 3B: John Gray
Batting: RHB Tyler Mapes 0-0: Ball
1-0: Called Strike
1-1: Ground out 6-3 (Groundball, 56, EV 86.2 MPH)
Batting: RHB Martin Guerrero 0-0: Ball
1-0: Called Strike
1-1: Foul Ball, location: 2F
1-2: Ground out 4-3 (Groundball, 4, EV 78.1 MPH)
Batting: LHB David Ramirez 0-0: Called Strike
0-1: Ground out 5-3 (Groundball, 5, EV 106.2 MPH)
Top of the 9th over - 0 runs, 0 hits, 0 errors, 0 left on base; Sacramento 1 - Reno 1
BOTTOM OF THE 9TH
Reno Aces batting - Pitching for Sacramento River Cats : LHP Adam Ody
Pitching: RHP Tim Rymut
Batting: RHB Andy Swaim 0-0: Ball
1-0: Ball
2-0: DOUBLE (Groundball, 5L, EV 102.5 MPH)
Batting: SHB Salvador Aragon 0-0: Called Strike
0-1: Ball
1-1: Swinging Strike
1-2: Foul Ball, location: 2F
1-2: Strikes out looking
Batting: LHB Jeff Densmore 0-0: Intentional Walk
Batting: RHB Mario Soto 0-0: Ball
1-0: Ball
2-0: Called Strike
2-1: Ball
3-1: 3-RUN HOME RUN (Flyball, 7D, EV 99.4 MPH), Distance : 377 ft
Bottom of the 9th over - 3 runs, 2 hits, 0 errors, 0 left on base; Sacramento 1 - Reno 4
Game Over ... Reno defeats Sacramento, 4 to 1
Wednesday, June 22nd , 2022 - OOTP Baseball 23.4 Build 64